 Dungeon Crawl Stone Soup version 0.21.0 (webtiles) character file.

26195 Jinx the Covert (level 12, 0/94 HPs)
             Began as a Vampire Enchanter on May 19, 2018.
             Was a High Priest of Kikubaaqudgha.
             Slain by a death yak (17 damage)
             ... on level 3 of the Lair of Beasts.
             The game lasted 01:17:52 (22181 turns).

Jinx the Covert (Vampire Enchanter)                Turns: 22181, Time: 01:17:54

Health: 0/94       AC:  0    Str:  7    XL:     12   Next: 96%
Magic:  2/19       EV: 25    Int: 22    God:    Kikubaaqudgha [*****.]
Gold:   1416       SH:  0    Dex: 20    Spells: 4/21 levels left

rFire    . . .     SeeInvis +   (weapon currently unavailable)
rCold    . . .     Gourm    .   (shield currently unavailable)
rNeg     + . .     Faith    .   (armour currently unavailable)
rPois    .         Spirit   .   (helmet currently unavailable)
rElec    .         Reflect  .   (cloak currently unavailable)
rCorr    .         Harm     .   (gloves currently unavailable)
MR       +....                  (boots currently unavailable)
Stlth    ++++++++..             y - amulet of magic regeneration
HPRegen  0.25/turn              (ring currently unavailable)
MPRegen  0.41/turn              (ring currently unavailable)

@: bat-form, flying, very quick
A: tiny, fangs 3, see invisible
a: End Transformation, Receive Corpses, Torment, Renounce Religion


You were on level 3 of the Lair of Beasts.
You worshipped Kikubaaqudgha.
Kikubaaqudgha was extremely pleased with you.
You were not thirsty.
You were in vampire-bat-form.
You visited 3 branches of the dungeon, and saw 16 of its levels.
You also visited: Bailey and Ice Cave.

You collected 1416 gold pieces.

Inventory:

Hand Weapons
 a - a +1 dagger of electrocution
 C - the +2 dagger of the Hall of Blades {speed, +Inv}
   (You found it on level 4 of the Dungeon)

   Attacks with this weapon are significantly faster.
   It lets you turn invisible.
 M - a +3 dagger of electrocution (melded)
Armour
 q - a scarf of cloud immunity (melded)
 u - a +0 pair of gloves (melded)
 H - +0 steam dragon scales
 O - a +0 buckler (melded)
 S - a cursed +0 pair of boots (melded)
 W - a +2 robe of cold resistance (melded)
Jewellery
 b - an uncursed ring of wizardry
 f - a ring of positive energy (melded)
 l - a ring of protection from cold (melded)
 y - an amulet of magic regeneration (around neck)
 z - an uncursed amulet of regeneration
Wands
 v - a wand of paralysis (5)
 E - a wand of polymorph (14)
 J - a wand of acid (6)
 Q - a wand of iceblast (27)
 T - a wand of flame (14)
 Z - a wand of scattershot (4)
Scrolls
 h - 9 scrolls of teleportation
 m - 10 scrolls of remove curse
 n - a scroll of enchant armour {unknown}
 o - 3 scrolls of fear {unknown}
 p - 9 scrolls of identify
 r - 3 scrolls of amnesia {unknown}
 s - 5 scrolls of magic mapping {unknown}
 w - 2 scrolls of random uselessness {unknown}
 A - a scroll of immolation {unknown}
 B - 2 scrolls of noise {unknown}
 D - 2 scrolls of blinking
 L - 2 scrolls of vulnerability {unknown}
 X - a scroll of summoning {unknown}
Potions
 d - 13 potions of blood
 e - 2 potions of heal wounds {unknown}
 g - 11 potions of curing
 i - 5 potions of lignification
 j - a potion of berserk rage {unknown}
 k - a potion of ambrosia {unknown}
 t - 4 potions of haste
 x - a potion of cancellation {unknown}
 F - 4 potions of brilliance
 K - 4 potions of invisibility {unknown}
 N - 2 potions of flight {unknown}
 U - a potion of agility {unknown}
 Y - a potion of might {unknown}
Books
 c - a book of Maledictions

   Spells                             Type                      Level
   a - Corona                         Hexes                        1
   b - Ensorcelled Hibernation        Hexes/Ice                    2
   c - Confuse                        Hexes                        3
   d - Tukima's Dance                 Hexes                        3
   e - Dazzling Spray                 Conjuration/Hexes            3
 G - a book of Clouds

   Spells                             Type                      Level
   a - Poisonous Vapours              Poison/Air                   2
   b - Mephitic Cloud                 Conjuration/Poison/Air       3
   c - Conjure Flame                  Conjuration/Fire             3
   d - Freezing Cloud                 Conjuration/Ice/Air          6
   e - Ring of Flames                 Charms/Fire                  7
 I - Kikubaaqudgha's Catalogue of Sinister Secrets
   (Kikubaaqudgha gifted it to you on level 5 of the Dungeon)

   Spells                             Type                      Level
   a - Animate Skeleton               Necromancy                   1
   b - Pain                           Necromancy                   1
   c - Sublimation of Blood           Necromancy                   2
   d - Regeneration                   Charms/Necromancy            3
 P - a book of Power

   Spells                             Type                      Level
   a - Iskenderun's Battlesphere      Conjuration/Charms           5
   b - Venom Bolt                     Conjuration/Poison           5
   c - Bolt of Magma                  Conjuration/Fire/Earth       5
   d - Iron Shot                      Conjuration/Earth            6
   e - Orb of Destruction             Conjuration                  7
   f - Spellforged Servitor           Conjuration/Summoning        7
 R - Kikubaaqudgha's Disquisition on Evil Rites
   (Kikubaaqudgha gifted it to you on level 9 of the Dungeon)

   Spells                             Type                      Level
   a - Excruciating Wounds            Charms/Necromancy            5
   b - Bolt of Draining               Conjuration/Necromancy       5
   c - Borgnjor's Vile Clutch         Necromancy/Earth             5
   d - Dispel Undead                  Necromancy                   5
   e - Simulacrum                     Ice/Necromancy               6


   Skills:
 + Level 8.9 Fighting
 - Level 10.0 Short Blades
 - Level 5.7 Dodging
 + Level 14.9 Stealth
 - Level 4.0 Shields
 - Level 5.0 Spellcasting
 + Level 13.9 Hexes
 + Level 5.9 Necromancy
 + Level 5.1 Earth Magic


You had 4 spell levels left.
You knew the following spells:

 Your Spells              Type           Power        Failure   Level  Hunger
a - Corona                Hex            ######.      1%          1    None
b - Ensorcelled Hibernat  Hex/Ice        #####.       1%          2    None
c - Confuse               Hex            ######..     1%          3    ##.....
d - Tukima's Dance        Hex            ######..     1%          3    ##.....
e - Dazzling Spray        Conj/Hex       #####.       1%          3    ##.....
f - Borgnjor's Vile Clut  Necr/Erth      ####......   28%         5    #####..


Dungeon Overview and Level Annotations

Branches:
Dungeon (11/15)            Temple (1/1) D:5            Lair (4/6) D:11
 Shoals (0/4) Lair:3        Snake (0/4) Lair:4
    Orc: D:9-12

Altars:
Ashenzari
Cheibriados
Dithmenos
Elyvilon
Fedhas
Gozag
Hepliaklqana
Kikubaaqudgha
Makhleb
Nemelex Xobeh
Okawaru
Qazlal
Ru
Sif Muna
Trog
Uskayaw
Vehumet
Wu Jian
Xom
Yredelemnul
Zin
The Shining One

Shops:
D:4 (

Annotations:
D:7 exclusion: statue
Lair:2 exclusion: oklob plant


Innate Abilities, Weirdness & Mutations

You have razor-sharp teeth.
You have supernaturally acute eyesight. (SInv)
((You can survive without breathing.))


Message History

The death yak is lightly wounded.
You hit the death yak but do no damage.
Lightning courses through the death yak!
Your bite misses the death yak.
The death yak is heavily wounded.
The death yak is no longer blind.
You block the death yak's attack.
You turn into a vampire bat.
Your +3 dagger of electrocution melds into your body.
Your scarf of cloud immunity melds into your body.
Your +0 pair of gloves melds into your body.
Your cursed +0 pair of boots melds into your body.
Your +0 buckler melds into your body.
Your +2 robe of cold resistance melds into your body.
Your ring of positive energy melds into your body.
Your ring of protection from cold melds into your body.
Your +3 dagger of electrocution stops crackling.
You feel vulnerable to the effects of clouds.
You feel less resistant to cold. The death yak gores you!
You die...
Kikubaaqudgha rasps: "You have failed me!
Welcome... oblivion!"

.%### #.............##.......
...P# #.....#.....####.......
...## ###.#.#...#### #P.....##
..P# #.#.......# ##....## #..#
##....#...# #.##'### ...##
##......%# ####...# ##=.#
#.>.....# #....# ##.##
##.##YP#### ##.#.#
##'##########...b.##.# ### ##..##
.#...#.#P##.........## #P####...#
.#........#..........###..#.##...
.#...###............###..........
##...P###"...........##..........
#....## ###.........####.........
#.....# ##...........#P.........
.....P# #......)................
.....## #..........#..#.........


You could see a death yak.

Vanquished Creatures
  Fannar (Lair:1)
  A hydra (D:11)
  3 death yaks
  2 orc knights (Bailey)
  The ghost of Dindles the Digger, a novice DDEE (D:6)
  A manticore (D:9)
  2 ugly things (IceCv)
  5 black mambas
  3 merfolk sirens (Lair:3)
  6 spiny frogs
  4 komodo dragons
  A queen bee (Lair:3)
  A troll (D:11)
  A merfolk (Lair:3)
  4 blink frogs (Lair:1)
  7 hippogriffs
  Grinder (D:5)
  3 wyverns
  A shadow (D:11)
  5 yaks
  2 basilisks
  The ghost of Cobalt the Skirmisher, an amateur MiWr (D:4)
  A human (D:8)
  A steam dragon (Lair:3)
  8 water moccasins
  9 porcupines
  7 ice beasts
  6 orc warriors
  2 phantoms
  2 sky beasts
  2 black bears
  3 eyes of draining (D:5)
  2 necrophages
  4 ogres
  3 centaurs
  9 crocodiles
  20 bullfrogs
  Blork the orc (D:5)
  2 gnoll sergeants
  3 scorpions
  24 killer bees
  The ghost of Jinx the Grave Robber, a weakling DsNe (D:3)
  8 howler monkeys
  2 crimson imps
  A quasit (D:9)
  10 hounds
  10 orc priests
  22 orc wizards
  2 bullfrog zombies (D:5)
  6 jellies
  A bullfrog skeleton (D:9)
  2 iguanas
  2 worker ants (D:5)
  A killer bee zombie (D:8)
  A hound zombie (D:7)
  13 gnolls
  19 adders
  A shadow imp (D:7)
  12 white imps (Lair:2)
  2 oozes (D:3)
  3 adder skeletons
  2 adder zombies
  5 worms
  13 leopard geckos
  58 orcs
  6 ball pythons
  8 bats
  4 giant cockroaches
  21 hobgoblins
  11 jackals
  4 quokkas
  6 frilled lizards
  19 goblins
  34 kobolds
  2 quokka skeletons (D:5)
  A quokka zombie (D:7)
  6 rats
  A spectral orc (D:2)
485 creatures vanquished.

Vanquished Creatures (collateral kills)
  An orc warrior (D:6)
  An ogre (D:10)
  2 gnolls
4 creatures vanquished.

Vanquished Creatures (others)
  A fungus (Lair:4)
  3 plants
4 creatures vanquished.

Grand Total: 493 creatures vanquished

Notes
Turn   | Place    | Note
-------+----------+-------------------------------------------
     0 | D:1      | Jinx the Vampire Enchanter began the quest for the Orb.
     0 | D:1      | Reached XP level 1. HP: 13/13 MP: 3/3
   625 | D:1      | Reached XP level 2. HP: 20/20 MP: 5/5
   629 | D:1      | Learned a level 2 spell: Ensorcelled Hibernation
  1030 | D:2      | Found a shattered altar of Ashenzari.
  1911 | D:2      | Reached XP level 3. HP: 25/25 MP: 6/6
  1916 | D:2      | Learned a level 3 spell: Confuse
  2010 | D:2      | Reached skill level 5 in Stealth
  2100 | D:2      | Reached skill level 1 in Fighting
  2409 | D:2      | Found a basalt altar of Yredelemnul.
  2572 | D:2      | Found a stormy altar of Qazlal.
  2730 | D:3      | Reached skill level 5 in Hexes
  2789 | D:3      | Reached XP level 4. HP: 32/32 MP: 5/7
  3139 | D:3      | Noticed Jinx's ghost (weakling DsNe)
  3156 | D:3      | Killed Jinx's ghost
  3343 | D:3      | Reached XP level 5. HP: 37/37 MP: 1/8
  3677 | D:3      | Noticed a necrophage
  4303 | D:3      | Reached skill level 6 in Stealth
  4641 | D:2      | Killed a necrophage
  4641 | D:2      | Reached XP level 6. HP: 44/45 MP: 6/9
  5169 | D:4      | Learned a level 3 spell: Tukima's Dance
  5248 | D:4      | Found Lyloj's Weapon Shop.
  5589 | D:4      | Noticed Cobalt's ghost (amateur MiWr)
  5628 | D:4      | Killed Cobalt's ghost
  5628 | D:4      | Reached skill level 5 in Short Blades
  5628 | D:4      | Reached XP level 7. HP: 42/51 MP: 6/10
  5779 | D:4      | Got a slimy dagger
  5780 | D:4      | Identified the +2 dagger of the Hall of Blades {speed, +Inv} (You found it on level 4 of the Dungeon)
  6180 | D:4      | Reached skill level 7 in Stealth
  6465 | D:4      | Found an iron altar of Okawaru.
  6716 | D:5      | Entered Level 5 of the Dungeon
  7065 | D:5      | Noticed Blork the orc
  7081 | D:5      | Killed Blork the orc
  7144 | D:5      | Found a staircase to the Ecumenical Temple.
  7292 | D:5      | Noticed Grinder
  7302 | D:5      | Killed Grinder
  7302 | D:5      | Reached skill level 8 in Stealth
  7302 | D:5      | Reached XP level 8. HP: 49/60 MP: 4/11
  7555 | D:5      | Found a glowing silver altar of Zin.
  7687 | D:5      | Found a shadowy altar of Dithmenos.
  7830 | Temple   | Entered the Ecumenical Temple
  7927 | Temple   | Became a worshipper of Kikubaaqudgha
  8089 | D:5      | Found a bloodstained altar of Trog.
  8692 | D:5      | Reached skill level 9 in Stealth
  8959 | D:5      | Reached * piety under Kikubaaqudgha
  8959 | D:5      | Identified Kikubaaqudgha's Catalogue of Sinister Secrets (Kikubaaqudgha gifted it to you on level 5 of the Dungeon)
  8959 | D:5      | Received a gift from Kikubaaqudgha
  8972 | D:5      | Reached XP level 9. HP: 57/66 MP: 8/12
  9214 | D:5      | Found a deep blue altar of Sif Muna.
  9298 | D:6      | Noticed Dindles's ghost (novice DDEE)
  9326 | D:6      | Killed Dindles's ghost
  9586 | D:6      | Reached skill level 5 in Fighting
  9859 | D:6      | Reached skill level 10 in Stealth
 11093 | D:6      | Reached ** piety under Kikubaaqudgha
 11587 | D:7      | Found a radiant altar of Vehumet.
 11687 | D:7      | Reached skill level 10 in Hexes
 12003 | D:8      | Found a burning altar of Makhleb.
 12474 | D:8      | Reached skill level 10 in Short Blades
 12474 | D:8      | Reached XP level 10. HP: 76/76 MP: 9/13
 12775 | D:8      | Reached skill level 11 in Stealth
 13012 | D:9      | Noticed a manticore
 13015 | D:9      | Killed a manticore
 13084 | D:9      | Reached *** piety under Kikubaaqudgha
 13084 | D:9      | Identified Kikubaaqudgha's Disquisition on Evil Rites (Kikubaaqudgha gifted it to you on level 9 of the Dungeon)
 13084 | D:9      | Received a gift from Kikubaaqudgha
 13125 | D:9      | Found a sacrificial altar of Ru.
 13748 | D:10     | Entered Level 10 of the Dungeon
 13753 | D:10     | Learned a level 3 spell: Dazzling Spray
 14749 | D:11     | Reached skill level 12 in Stealth
 14786 | D:11     | Reached **** piety under Kikubaaqudgha
 15095 | D:11     | Reached XP level 11. HP: 68/83 MP: 13/17
 15299 | D:11     | Noticed a four-headed hydra
 15306 | D:11     | Killed a four-headed hydra
 15306 | D:11     | Reached skill level 5 in Dodging
 15319 | D:11     | Found a flagged portal.
 15328 | Bailey   | Entered a bailey
 15413 | Bailey   | Noticed an orc knight
 15416 | Bailey   | Killed an orc knight
 15423 | Bailey   | Noticed an orc knight
 15430 | Bailey   | Killed an orc knight
 15910 | D:11     | Found a staircase to the Lair.
 16367 | D:11     | Reached ***** piety under Kikubaaqudgha
 16653 | Lair:1   | Entered Level 1 of the Lair of Beasts
 16734 | Lair:1   | Reached skill level 5 in Spellcasting
 16820 | Lair:1   | Learned a level 5 spell: Borgnjor's Vile Clutch
 16905 | Lair:1   | Noticed a seven-headed hydra
 17272 | Lair:1   | Reached skill level 13 in Stealth
 17275 | Lair:1   | Noticed Fannar
 17282 | Lair:1   | Killed Fannar
 17282 | Lair:1   | Reached skill level 1 in Necromancy
 17282 | Lair:1   | Reached skill level 1 in Earth Magic
 18002 | Lair:1   | Found the +8 frozen axe "Frostbite" {freezing cloud, *Noise +Fly rC+}
 18476 | Lair:2   | Found an ornate altar of the Wu Jian Council.
 18481 | Lair:2   | Noticed an oklob plant
 18572 | Lair:2   | Found a frozen archway.
 18651 | IceCv    | Entered an ice cave
 18651 | IceCv    | Noticed a white ugly thing
 18652 | IceCv    | Found a transporter.
 18659 | IceCv    | Killed a white ugly thing
 18738 | IceCv    | Noticed a white ugly thing
 18741 | IceCv    | Killed a white ugly thing
 18741 | IceCv    | Reached XP level 12. HP: 92/92 MP: 19/19
 19131 | Lair:3   | Reached skill level 1 in Shields
 19335 | Lair:3   | Reached skill level 14 in Stealth
 20400 | Lair:3   | Found a staircase to the Shoals.
 20865 | Lair:4   | Reached skill level 5 in Necromancy
 20912 | Lair:4   | Found a staircase to the Snake Pit.
 21016 | Lair:4   | Noticed a death yak
 21017 | Lair:4   | Noticed a death yak
 21018 | Lair:4   | Noticed a death yak
 21274 | Lair:4   | Noticed a death yak
 21274 | Lair:4   | Noticed a death yak
 21307 | Lair:4   | Killed a death yak
 21723 | Lair:3   | Killed a death yak
 21723 | Lair:3   | Reached skill level 5 in Earth Magic
 21962 | Lair:3   | Killed a death yak
 22181 | Lair:3   | Slain by a death yak

Skill      XL: |  1  2  3  4  5  6  7  8  9 10 11 12 |
---------------+-------------------------------------+-----
Short Blades   | 2 3 4 5 6 8 10 | 10.0
Stealth        | 5 6 8 9 10 12 13 14 | 14.9
Fighting       | 1 2 3 4 5 6 8 |  8.9
Hexes          | 5 6 7 8 10 11 12 13 | 13.9
Dodging        | 4 5 |  5.7
Spellcasting   | 4 5 |  5.0
Necromancy     | 3 5 |  5.9
Earth Magic    | 3 5 |  5.1
Shields        | 4 |  4.0

Action                   |  1- 3 |  4- 6 |  7- 9 | 10-12 || total
-------------------------+-------+-------+-------+-------++-------
Melee: Dagger            |    76 |    11 |   594 |   715 ||  1396
       Bite              |     6 |    31 |    78 |    56 ||   171
       Short sword       |       |   213 |    11 |       ||   224
 Cast: Corona            |     1 |     1 |       |       ||     2
       Ensorcelled Hiber |    20 |     7 |    15 |    46 ||    88
       Confuse           |     2 |    28 |    49 |   106 ||   185
       Tukima's Dance    |       |       |    11 |     3 ||    14
       Dazzling Spray    |       |       |       |    34 ||    34
 Abil: Bat Form          |       |     2 |     1 |     4 ||     7
       End Transformatio |       |     2 |     1 |     3 ||     6
  Use: Potion            |     2 |     9 |    17 |    21 ||    49
       Scroll            |       |       |       |    14 ||    14
 Stab: Sleeping          |    27 |    11 |    48 |    82 ||   168
       Distracted        |     1 |       |     3 |     4 ||     8
       Confused          |     1 |    15 |    26 |    47 ||    89
       Invisible         |       |       |       |     3 ||     3
       Paralysed         |       |       |       |     1 ||     1
Armor: Robe              |    13 |    28 |    34 |    64 ||   139
Dodge: Dodged            |    38 |    97 |   170 |   347 ||   652
Block: Buckler           |       |       |       |    32 ||    32
